[Event "Titled Tuesday Blitz September 27 Early 2022"]
[White "Aakanksha Hagawane"]
[Black "Eljanov, Pavel"]
[WhiteFideId "25014510"]
[BlackFideId "14102951"]
[WhiteElo "1971"]
[BlackElo "2601"]
[Result "0-1"]
[Round "01"]
[TimeControl "180+1"]
[Date "2022.09.27"]
[WhiteClock "0:00:15"]
[BlackClock "0:00:46"]

1. e4 c6 2. Nc3 d5 3. Nf3 dxe4 4. Nxe4 Nf6 5. Qe2 Bg4 6. h3 Bh5 7. Nxf6+ gxf6 8. g4 Bg6 9. d4 Na6 10. a3 e6 11. Bf4 Qa5+ 12. Bd2 Bb4 13. Rc1 Bxd2+ 14. Qxd2 Qd5 15. Bg2 h5 16. Nh4 Qd6 17. Nxg6 fxg6 18. Qd3 O-O-O 19. Rd1 g5 20. Qe3 Nc7 21. Rd3 Nd5 22. Bxd5 Qxd5 23. Rf1 hxg4 24. hxg4 Rh4 25. f3 Rh2 26. Kd1 Qa2 27. Qc1 e5 28. Re1 Rxd4 29. Rxd4 exd4 30. b3 d3 31. Re8+ Kd7 32. Re3 dxc2+ 0-1


[Site "https://www.chess.com"]

[Event "Titled Tuesday Blitz September 27 Early 2022"]
[White "Adewumi, Tanitoluwa"]
[Black "De Souza, Cristiano Gomes"]
[WhiteFideId "30966396"]
[BlackFideId "2151758"]
[WhiteElo "2602"]
[BlackElo "2068"]
[Result "0-1"]
[Round "01"]
[TimeControl "180+1"]
[Date "2022.09.27"]
[WhiteClock "0:00:07"]
[BlackClock "0:01:05"]

1. e4 c5 2. Nf3 d6 3. Bb5+ Bd7 4. Bxd7+ Qxd7 5. c4 g6 6. Nc3 Bg7 7. d4 cxd4 8. Nxd4 Nc6 9. Be3 Nf6 10. f3 O-O 11. Rc1 Rfc8 12. b3 b6 13. O-O Nxd4 14. Bxd4 Ne8 15. Nd5 Nc7 16. Bxg7 Kxg7 17. Qd4+ Kg8 18. Rfd1 Nxd5 19. exd5 b5 20. Re1 bxc4 21. Rxc4 Rxc4 22. Qxc4 Rc8 23. Rxe7 Qf5 24. Qe4 Rc1+ 25. Kf2 Rc2+ 26. Kf1 Rc1+ 27. Ke2 Qxe4+ 28. fxe4 Rc2+ 29. Kf3 Rxa2 30. Rd7 Ra3 31. Rxd6 Rxb3+ 32. Kf4 Rb2 33. Kf3 Kf8 34. Rd7 Ra2 35. Rb7 a5 36. d6 Rd2 37. e5 f6 38. Ke3 Rd5 39. Rb8+ Kf7 40. Rb7+ Kf8 41. Rb8+ Kf7 42. Rb7+ Ke6 43. Re7+ Kf5 44. d7 fxe5 45. Rxh7 Ke6 46. Ke4 Rxd7 47. Rh6 Kf6 48. Rh3 Rd4+ 49. Ke3 Ra4 50. Rf3+ Ke6 51. Rf1 Ra3+ 52. Ke4 Ra2 53. Ke3 Rxg2 54. Ra1 Rxh2 55. Rxa5 Kf5 56. Ra8 g5 57. Rf8+ Kg4 58. Rg8 Rh3+ 59. Ke4 Rh1 60. Kxe5 Re1+ 61. Kf6 Rf1+ 62. Ke5 Kh4 63. Rh8+ Kg3 64. Ke4 g4 65. Ke3 Re1+ 66. Kd2 Re6 67. Rg8 Kf3 68. Rf8+ Kg2 69. Rg8 g3 70. Rg5 Kf2 71. Rf5+ Kg1 72. Rg5 g2 73. Rg4 Re5 74. Rg8 Kh2 75. Rh8+ Kg3 76. Rg8+ Kf3 77. Rf8+ Kg4 78. Rf2 Kg3 79. Rf8 g1=Q 80. Rg8+ Kf2 81. Rf8+ Kg2 82. Rg8+ Kh2 83. Rh8+ Kg2 84. Rg8+ Kf1 85. Rf8+ Qf2+ 86. Rxf2+ Kxf2 0-1


[Site "https://www.chess.com"]

[Event "Titled Tuesday Blitz September 27 Early 2022"]
[White "Aizpurua, Patrick Emilio"]
[Black "Yang, Ray"]
[WhiteFideId "6600522"]
[BlackFideId "3220281"]
[WhiteElo "2378"]
[BlackElo "1796"]
[Result "1-0"]
[Round "01"]
[TimeControl "180+1"]
[Date "2022.09.27"]
[WhiteClock "0:00:30"]
[BlackClock "0:00:29"]

1. d4 d5 2. c4 c6 3. Nf3 Nf6 4. Nc3 e6 5. e3 a6 6. b3 Bb4 7. Bd2 O-O 8. Qc2 Nbd7 9. Be2 Re8 10. a3 Bd6 11. Nh4 e5 12. Nf5 Bf8 13. cxd5 cxd5 14. O-O e4 15. b4 Nb6 16. Ng3 Bd7 17. Qa2 Rc8 18. Rac1 Nc4 19. Nxd5 Nxd2 20. Nxf6+ Qxf6 21. Qxd2 g6 22. Rxc8 Bxc8 23. Rc1 Bd7 24. Rc7 Bc6 25. Bc4 Re7 26. Rxe7 Qxe7 27. h3 b5 28. Bb3 h5 29. Qc3 Qe8 30. d5 Bd7 31. Qd4 Bf5 32. Nxf5 gxf5 33. d6 Qd7 34. Qf6 Bxd6 35. Bxf7+ Qxf7 36. Qxd6 Qc4 37. Qg6+ Kf8 38. Qxf5+ Ke7 39. Qh7+ Kf6 40. Qh6+ Ke7 41. Qxa6 Qc1+ 42. Kh2 Qd2 43. Qb7+ Kf6 44. Qxe4 Qxf2 45. Qf4+ Qxf4+ 46. exf4 Kf5 47. g3 Ke4 48. Kg2 Kd3 49. f5 Kc3 50. f6 1-0


[Site "https://www.chess.com"]

[Event "Titled Tuesday Blitz September 27 Early 2022"]
[White "Alexikov, Alexander"]
[Black "Piesik, Piotr"]
[WhiteFideId "14103958"]
[BlackFideId "1136194"]
[WhiteElo "2222"]
[BlackElo "2221"]
[Result "1/2-1/2"]
[Round "01"]
[TimeControl "180+1"]
[Date "2022.09.27"]
[WhiteClock "0:00:17"]
[BlackClock "0:00:39"]

1. e4 g6 2. d4 Bg7 3. Nf3 c6 4. Nc3 d6 5. h3 Nf6 6. Bf4 O-O 7. Qd2 Nbd7 8. a4 Qa5 9. Bd3 e5 10. Be3 Re8 11. O-O exd4 12. Bxd4 Ne5 13. Nxe5 dxe5 14. Be3 Be6 15. Nd5 Qxd2 16. Nxf6+ Bxf6 17. Bxd2 Red8 18. Be3 Rd7 19. Rfd1 Be7 20. Kf1 a5 21. g4 Bb4 22. Ke2 Kf8 23. f3 Ke7 24. h4 Rh8 25. g5 Bd6 26. Rh1 h5 27. gxh6 f6 28. Rag1 Kf7 29. Rd1 Bf8 30. Kf2 Bxh6 31. Bb6 Ra8 32. Bc4 Rxd1 33. Bxe6+ Kxe6 34. Rxd1 Bf8 35. Rd8 Rxd8 36. Bxd8 b5 37. axb5 cxb5 38. Bxa5 Bc5+ 39. Kg3 Be3 40. Bd8 Bd2 41. Kg4 f5+ 42. Kg3 Be1+ 43. Kh3 Bd2 44. Bc7 Be1 45. Bb8 Bf2 46. Bc7 Be1 47. Bd8 Bd2 48. Bc7 Be1 1/2-1/2


[Site "https://www.chess.com"]

[Event "Titled Tuesday Blitz September 27 Early 2022"]
[White "Antonova, Nadezhda"]
[Black "Martin Duque, Jesus"]
[WhiteFideId "14700182"]
[BlackFideId "2208954"]
[WhiteElo "1805"]
[BlackElo "2258"]
[Result "0-1"]
[Round "01"]
[TimeControl "180+1"]
[Date "2022.09.27"]
[WhiteClock "0:00:02"]
[BlackClock "0:00:18"]

1. Nf3 Nf6 2. b3 b6 3. g3 Bb7 4. Bg2 g6 5. Bb2 Bg7 6. O-O O-O 7. c4 e6 8. d4 Qe7 9. Nc3 Rd8 10. Rb1 d5 11. e3 c5 12. cxd5 exd5 13. dxc5 bxc5 14. b4 Ne4 15. Nxe4 dxe4 16. Nd4 cxd4 17. exd4 Nc6 18. d5 Bxb2 19. Rxb2 Qe5 20. Rd2 Nxb4 21. Re1 Nxd5 22. Rxe4 Qf6 23. Red4 Nc3 24. Rxd8+ Kg7 25. Rxa8 Nxd1 26. Bxb7 Qa1 27. Kg2 Nc3 28. Bf3 Qc1 29. Rad8 a5 30. R2d7 a4 31. Bd5 Nxd5 32. Rxd5 Qc6 33. Kh3 a3 34. Rd2 h5 35. f4 Qf3 36. R8d3 Qf1+ 37. Kh4 Kh6 38. g4 hxg4 39. Kxg4 f5+ 40. Kg3 Qg1+ 41. Kf3 Qg4+ 42. Ke3 Qg1+ 43. Kf3 Qf1+ 44. Kg3 Kh5 45. Rf2 Qxd3+ 46. Rf3 Qe4 47. Rxa3 g5 48. fxg5 Kxg5 49. Rf3 f4+ 50. Kg2 Kg4 51. h3+ Kh4 52. a3 Qg6+ 53. Kf2 Qc2+ 54. Kg1 Qe2 55. Rf2 Qe3 56. Kg2 Qg3+ 57. Kf1 Qxh3+ 58. Ke2 Qe3+ 59. Kf1 Kg3 60. Rg2+ Kf3 61. a4 Qc1# 0-1


[Site "https://www.chess.com"]

[Event "Titled Tuesday Blitz September 27 Early 2022"]
[White "Azaladze, Shota"]
[Black "Heinemann, Josefine"]
[WhiteFideId "13603027"]
[BlackFideId "12900460"]
[WhiteElo "2439"]
[BlackElo "2300"]
[Result "1-0"]
[Round "01"]
[TimeControl "180+1"]
[Date "2022.09.27"]
[WhiteClock "0:02:24"]
[BlackClock "0:01:07"]

1. Nf3 d5 2. g3 g6 3. Bg2 Bg7 4. O-O e5 5. d3 Ne7 6. Nc3 O-O 7. e4 d4 8. Ne2 c5 9. Nd2 Nbc6 10. f4 Be6 11. h3 Qd7 12. f5 gxf5 13. exf5 Nxf5 14. Ne4 b6 15. g4 Ne3 16. Bxe3 dxe3 17. Qc1 Nd4 18. Qxe3 Nxc2 19. Qg5 Qd8 20. Nf6+ Kh8 21. Qh4 Bxf6 22. Rxf6 Nxa1 23. Be4 1-0


[Site "https://www.chess.com"]

[Event "Titled Tuesday Blitz September 27 Early 2022"]
[White "Baches Garcia, Guillermo"]
[Black "Meshkovs, Nikita"]
[WhiteFideId "2209764"]
[BlackFideId "11602740"]
[WhiteElo "2426"]
[BlackElo "2506"]
[Result "0-1"]
[Round "01"]
[TimeControl "180+1"]
[Date "2022.09.27"]
[WhiteClock "0:00:10"]
[BlackClock "0:00:22"]

1. e4 c5 2. Nf3 Nc6 3. d4 cxd4 4. Nxd4 Nf6 5. Nc3 e5 6. Ndb5 d6 7. Nd5 Nxd5 8. exd5 Nb8 9. a4 Be7 10. Be2 O-O 11. Bd2 a6 12. Na3 Bf5 13. a5 Nd7 14. Nc4 Qc7 15. Bb4 Rae8 16. O-O Bg6 17. Ra3 f5 18. Rc3 Qb8 19. Bh5 Rf7 20. Bxg6 hxg6 21. Re1 Bf8 22. Rh3 Nf6 23. Nb6 g5 24. c4 g4 25. Rc3 Qd8 26. Rc2 g6 27. Bd2 Nd7 28. Nxd7 Rxd7 29. b4 Rh7 30. g3 Qd7 31. Be3 Rh3 32. f4 gxf3 33. Qxf3 e4 34. Qf2 Bg7 35. Rd1 Be5 36. c5 Qh7 37. Bf4 Qh5 38. Re1 Qh8 39. c6 Bxf4 40. Qxf4 Qd4+ 41. Qf2 e3 42. Qg2 Rh7 43. c7 Rc8 44. Rec1 Rhxc7 45. Rxc7 Rxc7 46. Rxc7 e2+ 0-1


[Site "https://www.chess.com"]

[Event "Titled Tuesday Blitz September 27 Early 2022"]
[White "Balint, Vilmos"]
[Black "Bykhovsky, Anatoly"]
[WhiteFideId "718050"]
[BlackFideId "2806991"]
[WhiteElo "2076"]
[BlackElo "2540"]
[Result "0-1"]
[Round "01"]
[TimeControl "180+1"]
[Date "2022.09.27"]
[WhiteClock "0:00:35"]
[BlackClock "0:00:53"]

1. e4 e6 2. d4 d5 3. Nc3 Bb4 4. exd5 exd5 5. Bd3 Nf6 6. Nf3 Bg4 7. h3 Bh5 8. O-O O-O 9. Bf4 Nbd7 10. Nb5 c6 11. Bd6 Bxd6 12. Nxd6 Qc7 13. Nf5 Rfe8 14. Ng3 Bg6 15. Bxg6 hxg6 16. Qd3 Ne4 17. Ne2 Re6 18. Rfe1 Rae8 19. Nc3 Qb6 20. b3 Qa5 21. Re3 Qa3 22. Rae1 Ndf6 23. Ne5 Qb2 24. Na4 Qxa2 25. f3 Ng3 26. Nc5 R6e7 27. Qc3 Nf5 28. Ra1 Qxa1+ 29. Qxa1 Nxe3 30. c3 a6 31. Qa3 Nf5 32. Qb4 Nh7 33. Qb6 Nd6 34. c4 dxc4 35. Nxc4 Nb5 36. Nxb7 Rb8 37. Nca5 Nf6 38. Qxc6 Nxd4 39. Qd6 Ne2+ 40. Kf2 Rbe8 41. Nc5 Nc3 42. Nc6 Re2+ 43. Kg1 Ncd5 44. Nd4 Rd2 45. Nc6 Ree2 46. Qb8+ Kh7 47. Ne4 Rxg2+ 48. Kf1 Ne3+ 49. Ke1 Rd1# 0-1


[Site "https://www.chess.com"]

[Event "Titled Tuesday Blitz September 27 Early 2022"]
[White "Barash, Anton"]
[Black "Begmuratov, Khumoyun"]
[WhiteFideId "30935229"]
[BlackFideId "14210207"]
[WhiteElo "2246"]
[BlackElo "1978"]
[Result "1/2-1/2"]
[Round "01"]
[TimeControl "180+1"]
[Date "2022.09.27"]
[WhiteClock "0:00:15"]
[BlackClock "0:00:49"]

1. e4 e5 2. Nc3 Nf6 3. f4 d5 4. fxe5 Nxe4 5. Qf3 Nc6 6. Bb5 Bc5 7. Nxe4 dxe4 8. Qxe4 Bd7 9. c3 O-O 10. d4 Bb6 11. Nf3 Nxe5 12. Bxd7 Nxf3+ 13. Qxf3 Qxd7 14. O-O c5 15. d5 c4+ 16. Kh1 Rad8 17. Rd1 Rfe8 18. Bg5 f6 19. Bf4 Qf5 20. d6 Re4 21. Bg3 Qxf3 22. gxf3 Re3 23. Re1 Rxf3 24. Re7 f5 25. Be5 Re3 26. Bxg7 Rxe7 27. dxe7 Re8 28. Bf6 Kf7 29. Bh4 Bc5 30. Rf1 Bxe7 31. Bxe7 Rxe7 32. Rxf5+ Kg6 33. Rf2 b5 34. Kg2 Kg5 35. Kg3 Re3+ 36. Kg2 Kg4 37. Rd2 a6 38. a3 h5 39. h3+ Kf4 40. Rd4+ Ke5 41. Rh4 Re2+ 42. Kf3 Rxb2 43. Rxh5+ Kf6 44. Rh6+ Kg5 45. Rxa6 Rb3 46. Ke4 Rxc3 47. Ra5 Rxh3 48. Rxb5+ Kf6 49. Rc5 Rh4+ 50. Kd5 Ke7 51. Rxc4 Rh5+ 52. Kc6 Ra5 53. a4 Kd8 54. Kb6 Rd5 55. Rb4 Kc8 56. a5 Rd6+ 57. Kc5 Rh6 58. Kb5 Kb7 59. a6+ Rxa6 60. Kc5+ Kc7 61. Kc4 Kc6 62. Kc3 Kc5 63. Rh4 Ra3+ 64. Kb2 Rg3 65. Rh5+ Kc4 66. Rh4+ Kd3 67. Kb3 Rf3 68. Rh5 Ke4+ 69. Kc4 Kf4 70. Rh6 Ra3 71. Kd5 Kf5 72. Rh8 Ra5+ 73. Kd4 Ke6 74. Rh6+ Kd7 75. Rh7+ Ke8 76. Rh8+ Kf7 77. Rh7+ Kg6 78. Rb7 Rg5 79. Rb6+ Kf7 80. Rb7+ Ke6 81. Rb6+ Kd7 82. Rb7+ Kc6 83. Rh7 Rf5 84. Rh6+ Kb5 85. Rh4 Rc5 86. Rh1 Rc2 87. Rb1+ Ka4 88. Kd3 Ra2 89. Kc4 Rc2+ 90. Kd3 Rc8 91. Kd4 Ka3 92. Kd5 Ka2 93. Rb7 Rc2 94. Kd4 Rb2 95. Rxb2+ Kxb2 1/2-1/2


[Site "https://www.chess.com"]

[Event "Titled Tuesday Blitz September 27 Early 2022"]
[White "Baskakov, Egor"]
[Black "Milosevic, Milos"]
[WhiteFideId "24197866"]
[BlackFideId "964875"]
[WhiteElo "2211"]
[BlackElo "2321"]
[Result "1/2-1/2"]
[Round "01"]
[TimeControl "180+1"]
[Date "2022.09.27"]
[WhiteClock "0:00:24"]
[BlackClock "0:00:18"]

1. e4 c6 2. d4 d5 3. e5 Bf5 4. Ne2 e6 5. Ng3 Bg6 6. h4 h5 7. Bd3 Bxd3 8. cxd3 g6 9. Nd2 Qb6 10. Nf3 Nh6 11. O-O Ng4 12. Rb1 Nd7 13. b4 a5 14. a3 axb4 15. axb4 Bg7 16. Bg5 O-O 17. Be7 Rfe8 18. Bd6 Bf8 19. Bxf8 Rxf8 20. Qd2 Ra4 21. Qg5 Qd8 22. Qf4 Kg7 23. Rfe1 Qe7 24. Qd2 b6 25. Rec1 Rc8 26. Ne2 Ra7 27. g3 Rac7 28. Nh2 Nxh2 29. Kxh2 c5 30. bxc5 bxc5 31. f4 cxd4 32. Nxd4 Rxc1 33. Rxc1 Rxc1 34. Qxc1 Qc5 35. Qe3 Kh7 36. Qf2 Qc3 37. Nf3 Qxd3 38. Ng5+ Kg7 39. Qa7 Qb5 40. Qc7 Qe2+ 41. Kh3 Qg4+ 42. Kh2 Qe2+ 43. Kh3 Qb5 44. Qd6 Qf1+ 45. Kh2 Qe2+ 46. Kh3 Qf1+ 47. Kh2 Qe2+ 48. Kh3 Qg4+ 49. Kh2 Qe2+ 1/2-1/2


[Site "https://www.chess.com"]

[Event "Titled Tuesday Blitz September 27 Early 2022"]
[White "Becerra, Juan David"]
[Black "Abdisalimov, Abdimalik"]
[WhiteFideId "4404998"]
[BlackFideId "14206323"]
[WhiteElo "2495"]
[BlackElo "2847"]
[Result "0-1"]
[Round "01"]
[TimeControl "180+1"]
[Date "2022.09.27"]
[WhiteClock "0:00:02"]
[BlackClock "0:00:03"]

1. e4 c5 2. d4 cxd4 3. c3 dxc3 4. Nxc3 e6 5. Bf4 a6 6. e5 Ne7 7. Nf3 Nbc6 8. Bd3 b5 9. a3 Bb7 10. O-O Rc8 11. Re1 Ng6 12. Bg3 Be7 13. Rc1 Na5 14. Qe2 O-O 15. Ne4 Rxc1 16. Rxc1 Qb8 17. h4 Rc8 18. Re1 h6 19. h5 Nf8 20. Bf4 Nh7 21. Qd2 Nc4 22. Qe2 Bd5 23. b3 Nxa3 24. Qd2 Bf8 25. Nh2 Qa7 26. Ng4 Kh8 27. Be3 Qc7 28. Bd4 b4 29. Qf4 Nc2 30. Rc1 Bxb3 31. Qxf7 d5 32. Qxc7 Rxc7 33. Nd6 a5 34. Ne3 a4 35. Nxc2 a3 36. Nb5 Rc8 37. Be3 Bc4 38. Ncd4 a2 39. Bxc4 dxc4 40. Nd6 Ra8 41. Nxe6 b3 42. Bd4 Kg8 43. Nc7 Bxd6 44. Nxa8 Ba3 45. Rxc4 b2 46. Bxb2 Bxb2 47. Ra4 a1=Q+ 48. Rxa1 Bxa1 49. f4 Nf8 50. Kh2 Ne6 51. g3 Bd4 52. Kh3 Kf7 53. Kg4 Ba7 54. Kf5 Nd4+ 55. Ke4 Ne6 56. Kf5 Bf2 57. g4 Be3 58. g5 hxg5 59. fxg5 Bxg5 60. Nb6 Bd8 61. Nc4 Bc7 62. Ne3 Nd4+ 63. Ke4 Nc6 64. Ng4 Bd8 65. Kf5 Ne7+ 66. Ke4 Ng8 67. Kf5 Ne7+ 68. Ke4 Bc7 0-1


[Site "https://www.chess.com"]

[Event "Titled Tuesday Blitz September 27 Early 2022"]
[White "Bilych, Olexiy"]
[Black "Estrada Nieto, Julian"]
[WhiteFideId "14156504"]
[BlackFideId "5101018"]
[WhiteElo "2157"]
[BlackElo "2252"]
[Result "1-0"]
[Round "01"]
[TimeControl "180+1"]
[Date "2022.09.27"]
[WhiteClock "0:00:44"]
[BlackClock "0:00:32"]

1. e4 e5 2. Nf3 Nc6 3. Bb5 a6 4. Ba4 Nf6 5. O-O Be7 6. Re1 b5 7. Bb3 d6 8. a4 b4 9. a5 O-O 10. c3 Rb8 11. d3 Rb5 12. cxb4 Rxb4 13. Nc3 Bg4 14. Be3 Bxf3 15. gxf3 Nd4 16. Bxd4 exd4 17. Ne2 Nd7 18. f4 Nc5 19. Bc4 Rxb2 20. Nxd4 Bf6 21. Nc6 Qd7 22. Bd5 Qh3 23. Re3 Qh4 24. Qf3 Re8 25. Rf1 g6 26. e5 Bg7 27. exd6 Rxe3 28. Qxe3 cxd6 29. Qe8+ 1-0


[Site "https://www.chess.com"]

[Event "Titled Tuesday Blitz September 27 Early 2022"]
[White "Blokhin, Sofia"]
[Black "Vachylia, Andrii"]
[WhiteFideId "4508190"]
[BlackFideId "14137224"]
[WhiteElo "1771"]
[BlackElo "2318"]
[Result "1/2-1/2"]
[Round "01"]
[TimeControl "180+1"]
[Date "2022.09.27"]
[WhiteClock "0:00:07"]
[BlackClock "0:00:19"]

1. d4 Nf6 2. c4 e6 3. Nc3 Bb4 4. f3 d5 5. Qb3 Nc6 6. cxd5 Nxd4 7. Qd1 c5 8. dxc6 Nxc6 9. Qxd8+ Nxd8 10. Bd2 O-O 11. O-O-O e5 12. e4 Be6 13. Kb1 Nc6 14. Bd3 Rfd8 15. Bc2 Nd4 16. Ba4 Rac8 17. Nh3 Nxf3 18. gxf3 Bxh3 19. Bg5 Bxc3 20. bxc3 h6 21. Bxf6 gxf6 22. Rhg1+ Kf8 23. Rxd8+ Rxd8 24. Kc2 Be6 25. Bb3 Ke7 26. Rg7 h5 27. Rh7 Rg8 28. Rxh5 Rg2+ 29. Kd3 Rf2 30. Bxe6 Kxe6 31. Ke3 Rxa2 32. Rh8 b6 33. h4 Rh2 34. h5 f5 35. exf5+ Kxf5 36. Rh7 Kf6 37. Ke4 Rh4+ 38. Ke3 a5 39. Rh8 Rc4 40. Rh6+ Kg7 41. Rxb6 Rxc3+ 42. Ke4 a4 43. Kxe5 Rxf3 44. Ra6 a3 45. Ke4 Rh3 46. h6+ Kh7 47. Kf4 Rb3 48. Kf5 Rf3+ 49. Kg5 Rb3 50. Kg4 Rc3 51. Kg5 Kg8 52. Kg4 Rc4+ 53. Kg5 Rc3 54. Kg4 Rb3 55. Kg5 Kh7 56. Kg4 Rb4+ 57. Kg5 Rb5+ 58. Kg4 f5+ 59. Kg5 Rc5 60. Rxa3 f4+ 61. Kxf4 Kxh6 62. Rh3+ Kg7 63. Rg3+ Kf6 64. Kf3 Rc4 65. Kg2 Kf5 66. Rf3+ Ke4 67. Rg3 Rc2+ 68. Kh3 Kf4 69. Rg4+ Kf5 70. Rg3 Rc1 71. Rg2 Kf4 72. Kh2 Rc3 73. Rf2+ Kg4 74. Rg2+ Kh4 75. Rf2 Rh3+ 76. Kg2 Rg3+ 77. Kh2 Ra3 78. Kg2 Kg4 79. Kh2 Ra8 80. Kg2 Rh8 81. Kg1 Kg3 82. Rb2 Rc8 83. Rb3+ Kg4 84. Kg2 Rc2+ 85. Kg1 Kf4 86. Kf1 Rc1+ 87. Kf2 Rc2+ 88. Kf1 Rc8 89. Kf2 Ke4 90. Kf1 Kd4 91. Rh3 Rf8+ 92. Ke1 Ke4 93. Kd1 Rf1+ 94. Kd2 Rf2+ 95. Kd1 Kd4 96. Ke1 Ra2 97. Kf1 Ke4 98. Kg1 Kf4 99. Rb3 Rc2 100. Kf1 1/2-1/2


[Site "https://www.chess.com"]

[Event "Titled Tuesday Blitz September 27 Early 2022"]
[White "Bortnyk, Mykola"]
[Black "Fiorito, Francisco"]
[WhiteFideId "14120836"]
[BlackFideId "180165"]
[WhiteElo "2582"]
[BlackElo "1787"]
[Result "1-0"]
[Round "01"]
[TimeControl "180+1"]
[Date "2022.09.27"]
[WhiteClock "0:01:13"]
[BlackClock "0:00:23"]

1. e4 c5 2. c3 Nf6 3. e5 Nd5 4. g3 Nc6 5. Bg2 Nc7 6. Nf3 g6 7. d4 cxd4 8. cxd4 Bg7 9. O-O O-O 10. Re1 d6 11. exd6 Qxd6 12. Bf4 Qd8 13. Nc3 Bf5 14. Qb3 Na5 15. Qb4 Na6 16. Qxe7 Qxe7 17. Rxe7 Bf6 18. Re2 Nb4 19. Bd6 Nc2 20. Rc1 Nxd4 21. Nxd4 Bxd4 22. Bxf8 Rxf8 23. Nd5 Be6 24. b4 Nc6 25. Nf4 Bg4 26. Rd2 Bb6 27. Bxc6 bxc6 28. Kg2 Bf5 29. Re2 g5 30. Re5 gxf4 31. Rxf5 fxg3 32. hxg3 Rd8 33. Rxc6 Rd2 34. a4 Rb2 35. a5 Bd4 36. b5 Ra2 37. Rd6 Bc3 38. b6 Bxa5 39. b7 Bc7 40. Rd8+ Kg7 41. Rc8 1-0


[Site "https://www.chess.com"]

[Event "Titled Tuesday Blitz September 27 Early 2022"]
[White "Bowden, Karl"]
[Black "Ozen, Bahadir"]
[WhiteFideId "400548"]
[BlackFideId "6337058"]
[WhiteElo "2454"]
[BlackElo "2503"]
[Result "1-0"]
[Round "01"]
[TimeControl "180+1"]
[Date "2022.09.27"]
[WhiteClock "0:00:14"]
[BlackClock "0:00:09"]

1. e4 c6 2. c4 d5 3. cxd5 cxd5 4. exd5 Nf6 5. Bb5+ Nbd7 6. Nc3 g6 7. d4 a6 8. Be2 Nb6 9. Bf3 Nbxd5 10. Qb3 Nxc3 11. bxc3 Bg7 12. Bxb7 Bxb7 13. Qxb7 O-O 14. Ne2 Qd5 15. Qxd5 Nxd5 16. O-O Rac8 17. Ba3 Nxc3 18. Nxc3 Rxc3 19. Bxe7 Re8 20. Bc5 Rc2 21. g3 f5 22. a3 Ree2 23. Rab1 Rb2 24. Rxb2 Rxb2 25. Re1 Rd2 26. Re8+ Kf7 27. Re7+ Kg8 28. Ra7 g5 29. Rxa6 h5 30. h3 Bxd4 31. Bxd4 Rxd4 32. Rg6+ Kf7 33. Rxg5 Kf6 34. Rxh5 Ra4 35. Rh8 Rxa3 36. Rf8+ Kg6 37. Kg2 Rb3 38. Rc8 Ra3 39. Rc6+ Kg5 40. Rc5 Kg6 41. g4 fxg4 42. hxg4 Rb3 43. f3 Rb1 44. Kg3 Rb4 45. Rc6+ Kg7 46. g5 Rb1 47. f4 Rg1+ 48. Kf3 Rf1+ 49. Kg4 Ra1 50. Rc7+ Kf8 51. g6 Ra6 52. Kg5 Ke8 53. f5 Kd8 54. Rh7 1-0


[Site "https://www.chess.com"]

[Event "Titled Tuesday Blitz September 27 Early 2022"]
[White "Broca Jimenez, Fernando"]
[Black "Priyanka Nutakki"]
[WhiteFideId "5104742"]
[BlackFideId "25049615"]
[WhiteElo "2062"]
[BlackElo "1912"]
[Result "0-1"]
[Round "01"]
[TimeControl "180+1"]
[Date "2022.09.27"]
[WhiteClock "0:00:04"]
[BlackClock "0:01:26"]

1. e4 e6 2. d4 d5 3. exd5 exd5 4. Bd3 Nc6 5. Nf3 Bd6 6. O-O Nge7 7. c3 Bg4 8. Bg5 f6 9. Bh4 Qd7 10. Bg3 O-O-O 11. Nbd2 Kb8 12. b4 Rde8 13. b5 Nd8 14. Re1 h5 15. Qc2 h4 16. Bxd6 Qxd6 17. c4 Ne6 18. c5 Qf4 19. h3 Bxf3 20. Nxf3 Nxd4 21. Nxd4 Qxd4 22. Rad1 Qf4 23. a4 Nc8 24. a5 Qb4 25. Rxe8 Rxe8 26. b6 Qxa5 27. bxc7+ Qxc7 28. c6 Qxc6 29. Qb3 Qb6 30. Qc2 Nd6 31. Rb1 Qc7 32. Qb2 Nc4 33. Bxc4 dxc4 34. Qc3 Re2 35. Kf1 Re6 36. Qd4 g5 37. Rc1 Rd6 38. Qe4 c3 39. Qg6 Qc4+ 40. Kg1 a6 41. Qg8+ Qxg8 0-1


[Site "https://www.chess.com"]

[Event "Titled Tuesday Blitz September 27 Early 2022"]
[White "Brodowski, Piotr"]
[Black "Jones, Daniel"]
[WhiteFideId "1124480"]
[BlackFideId "2019655"]
[WhiteElo "2312"]
[BlackElo "2323"]
[Result "0-1"]
[Round "01"]
[TimeControl "180+1"]
[Date "2022.09.27"]
[WhiteClock "0:00:05"]
[BlackClock "0:00:39"]

1. e4 e5 2. Nf3 f5 3. exf5 e4 4. Qe2 Qe7 5. Nd4 Nf6 6. Nc3 c5 7. Nb3 d5 8. d3 exd3 9. cxd3 Nc6 10. Bf4 Bxf5 11. O-O-O O-O-O 12. h3 d4 13. Nb5 Qxe2 14. Bxe2 a6 15. Na3 Nd5 16. Bh2 Re8 17. Bf3 Ndb4 18. Bg4 Bxg4 19. hxg4 Nxa2+ 20. Kb1 Nab4 21. Nc4 Re2 22. Bg3 b5 23. Nb6+ Kd8 24. Na8 Be7 25. Nc7 Kd7 26. Rhe1 Rxe1 27. Rxe1 Nxd3 28. Rd1 Ndb4 29. Rc1 c4 30. Nxd4 Nxd4 31. Rd1 Bc5 32. Be5 Nc6 33. Bxg7 Rg8 34. Bxd4 Nxd4 35. Nd5 Ke6 36. Ne3 Nb3 37. Nf5 Rxg4 38. Ng3 Bxf2 39. Ne2 Re4 40. Nc3 Re3 41. Rf1 Be1 42. Kc2 Bxc3 43. bxc3 Nc5 44. Rh1 Re2+ 45. Kd1 Rxg2 46. Rxh7 Nd3 47. Rh6+ Kd5 48. Rd6+ Ke4 49. Rd4+ Ke3 50. Rf4 Nxf4 0-1


[Site "https://www.chess.com"]

[Event "Titled Tuesday Blitz September 27 Early 2022"]
[White "Bryakin, Mikhail"]
[Black "Guliev, Logman"]
[WhiteFideId "4165314"]
[BlackFideId "13400061"]
[WhiteElo "2820"]
[BlackElo "2487"]
[Result "1-0"]
[Round "01"]
[TimeControl "180+1"]
[Date "2022.09.27"]
[WhiteClock "0:01:03"]
[BlackClock "0:00:04"]

1. e4 c5 2. Nf3 d6 3. Bb5+ Bd7 4. Bxd7+ Nxd7 5. d4 cxd4 6. Qxd4 Ngf6 7. O-O Rc8 8. c4 a6 9. Nc3 g6 10. b3 Bg7 11. Bb2 O-O 12. Rfe1 Qa5 13. Nd5 Rfe8 14. Bc3 Qc5 15. Rad1 Qxd4 16. Bxd4 Nxd5 17. exd5 b5 18. Bxg7 Kxg7 19. cxb5 axb5 20. Nd4 Rc5 21. Nc6 e5 22. dxe6 Rxe6 23. Nd4 Rxe1+ 24. Rxe1 Rd5 25. Nf3 b4 26. h4 Ne5 27. Nxe5 dxe5 28. Re4 Ra5 29. Re2 f5 30. f3 Kf6 31. Rc2 e4 32. Kf2 Ke5 33. fxe4 fxe4 34. Ke3 Rd5 35. Rc4 Rd3+ 36. Ke2 Rc3 37. Rxb4 Rc2+ 38. Ke3 Rxa2 39. Rb5+ Kf6 40. g4 h6 41. Kxe4 Re2+ 42. Kf3 Rb2 43. Rb6+ Kg7 44. h5 gxh5 45. gxh5 Rh2 46. Rb5 Rh4 47. Ke3 Rg4 48. Kd3 Kf6 49. b4 Rh4 50. Kc3 Rh3+ 51. Kc4 Ke7 52. Rc5 Kd6 53. Kb5 Rc3 54. Rxc3 1-0


[Site "https://www.chess.com"]

[Event "Titled Tuesday Blitz September 27 Early 2022"]
[White "Buscar, Michael"]
[Black "Harshad S"]
[WhiteFideId "2603616"]
[BlackFideId "46616551"]
[WhiteElo "2010"]
[BlackElo "2046"]
[Result "0-1"]
[Round "01"]
[TimeControl "180+1"]
[Date "2022.09.27"]
[WhiteClock "0:00:02"]
[BlackClock "0:00:12"]

1. Nf3 c5 2. g3 d5 3. Bg2 Nc6 4. O-O e5 5. d3 Nf6 6. e4 d4 7. Nbd2 Be7 8. a4 h6 9. Nc4 Qc7 10. Nh4 Be6 11. Nf5 Bf8 12. f4 Bxc4 13. dxc4 O-O-O 14. a5 Nd7 15. a6 b6 16. Ra3 g6 17. Nh4 Be7 18. Nf3 Bd6 19. Ne1 Kb8 20. Nd3 h5 21. f5 h4 22. g4 Na5 23. b3 Rdf8 24. h3 Be7 25. Bd2 Nc6 26. Qe2 Nb4 27. Bxb4 cxb4 28. Ra4 Rhg8 29. Nxb4 Bxb4 30. Rxb4 Nc5 31. Rb5 Rd8 32. Rxc5 Qxc5 33. fxg6 fxg6 34. Qe1 d3+ 35. Kh2 dxc2 36. Qxh4 Qc7 37. Rc1 Rd2 38. Kg3 Qf7 39. Kh2 Rgd8 40. Qg5 Qf4+ 41. Qxf4 exf4 42. Kg1 Rd1+ 0-1


[Site "https://www.chess.com"]